 Dungeon Crawl Stone Soup version 0.32-a0-921-g04a7ad8e02 (webtiles) character file.

Game seed: 15424169465165469037

9 Revguard the Trooper (level 2, 24/24 HPs)
             Began as a Demonspawn Fighter on Apr 12, 2024.
             Got out of the dungeon alive.
             The game lasted 00:00:46 (611 turns).

Revguard the Trooper (Demonspawn Fighter)            Turns: 611, Time: 00:00:47

Health: 24/24      AC:  6    Str: 16    XL:     2   Next: 3%
Magic:  2/2        EV:  8    Int:  8    God:
Gold:   5          SH:  4    Dex: 12    Spells: 1/1 levels left

rFire   . . .        a - +0 war axe
rCold   . . .        c - +0 buckler
rNeg    . . .        b - +0 scale mail
rPois   .            (no helmet)
rElec   .            (no cloak)
rCorr   .            (no gloves)
SInv    .            (no boots)
Will    .....        (no amulet) Stlth
                     (no ring)
HPRegen 0.24/turn    (no ring)
MPRegen 0.08/turn

%: no passive effects
@: no status effects
A: claws 1
a: no special abilities


You escaped.
You visited 1 branch of the dungeon, and saw 1 of its levels.

You collected 5 gold pieces.

Inventory:

Hand Weapons
 a - a +0 war axe (weapon)
Armour
 b - a +0 scale mail (worn)
 c - a +0 buckler (worn)
Potions
 d - a potion of might
 e - a potion of haste {unknown}
 f - a potion of heal wounds {unknown}


   Skills:
 + Level 3.0 Fighting
 * Level 2.0 Axes
 + Level 2.7 Armour
 + Level 0.2 Dodging
 * Level 2.8 Shields
 + Level 0.3 Invocations
 + Level 0.3 Evocations


You had one spell level left.
You didn't know any spells.
Your spell library contained the following spells:

 Spells                   Type           Power      Damage    Failure   Level
 Kiss of Death            Conj/Necr      0%         2d5       90%         1
 Confusing Touch          Hex            0%         N/A       99%         3
 Dispel Undead            Necr           0%         3d6       100%        4


Dungeon Overview and Level Annotations

Branches:
Dungeon (1/15)

Altars:


Innate Abilities, Weirdness & Mutations

You have sharp fingernails.


Message History

The giant cockroach bites you but does no damage.
The giant cockroach completely misses you.
You hit the giant cockroach but do no damage.
The giant cockroach is severely wounded.
The giant cockroach bites you. The giant cockroach closely misses you.
You barely miss the giant cockroach.
The giant cockroach is severely wounded.
You block the giant cockroach's attack.
You barely miss the giant cockroach.
The giant cockroach is severely wounded.
The giant cockroach bites you but does no damage.
The giant cockroach barely misses you.
You barely miss the giant cockroach.
The giant cockroach is severely wounded.
The giant cockroach bites you.
The giant cockroach bites you but does no damage.
You hit the giant cockroach.
You kill the giant cockroach!
Your Axes skill increases to level 2!
You see here a giant cockroach corpse.
You open the door.
There is an open door here.
Found a stone staircase leading down.
f - a fuming inky potion You now have 5 gold pieces.
An endoplasm comes into view.
The endoplasm quivers.
The endoplasm hits you but does no damage.
You hit the endoplasm.
You kill the endoplasm!
You have reached level 2!
Your demonic ancestry asserts itself...
Your fingernails lengthen.
You open the door.
There is an open door here.
Found a sling.
Things that are here:
a +0 dagger; a goblin skeleton
There is a staircase leading out of the dungeon here.
You have escaped!

#.......# #........
#.......# #........
###'##### #).......
##.# #........ #.##
###........
##.#######..........
#.###.#.#'...#######
##.#.#.#.#...# #...
##@######...# #...
#.#.## #...# #..#
#.###.# #...# #...
## #.## ##### #..#
##.# ########...
#.## #.....##..#
##.# #.....##...
#..####.....##..# ..
#.)..##.....####.


There were no monsters in sight!

Vanquished Creatures
  2 endoplasms (D:1)
  A giant cockroach (D:1)
  2 hobgoblins (D:1)
  A quokka (D:1)
  A goblin (D:1)
7 creatures vanquished.

Notes
Turn   | Place    | Note
-------+----------+-------------------------------------------
     0 | D:1      | Revguard the Demonspawn Fighter began the quest for the
                  | Orb.
     0 | D:1      | Reached XP level 1. HP: 18/18 MP: 1/1
   461 | D:1      | Gained mutation: You have sharp fingernails. [demonic
                  | ancestry]
   461 | D:1      | Reached XP level 2. HP: 24/24 MP: 2/2
   611 | D:$      | Got out of the dungeon alive.

Illustrated notes

Levels and vault maps discovered:
D:1:      reono_arrival_mine, layout_basic, minmay_misc_feat_doors

Skill      XL: |  1 |
---------------+----+-----
Axes           | 2 |  2.0
Fighting       | |  3.0
Armour         | |  2.7
Dodging        | |  0.2
Shields        | |  2.8
Invocations    | |  0.3
Evocations     | |  0.3

Action                     || total
---------------------------++-------
  Melee: War axe           ||    35
 Armour: Scale mail        ||    31
  Dodge: Dodged            ||    18
  Block: Buckler           ||     8

Table legend: (Time is in decaauts)
 A = Elapsed time spent in this place.
 B = Non-inter-level travel time spent in this place.
 C = Inter-level travel time spent in this place.
 D = Time resting spent in this place.
 E = Time spent auto-exploring this place.
 F = Levels seen in this place.
 G = Mean time per level.
                   A        B        C        D        E       F      G
               +--------+--------+--------+--------+--------+-----+--------+
         Total |    627 |    569 |     58 |      0 |    473 |   1 |  627.0 |
       Dungeon |    627 |    569 |     58 |      0 |    473 |   1 |  627.0 |
               +--------+--------+--------+--------+--------+-----+--------+

Top non-repeatable levels by time:
     D:1: 627 daAuts
